 Dungeon Crawl Stone Soup version 0.20.0-15-g7f486f2 (webtiles) character file.

373 galech the Skirmisher (level 6, 0/66 HPs)
             Began as an Ogre Fighter on June 26, 2017.
             Slain by a worker ant (8 damage)
             ... on level 4 of the Dungeon.
             The game lasted 00:03:57 (4130 turns).

galech the Skirmisher (Ogre Fighter)                Turns: 4130, Time: 00:03:58

Health: 0/66       AC:  3    Str: 23    XL:     6   Next: 72%
Magic:  6/6        EV:  9    Int:  9    God:
Gold:   160        SH:  9    Dex:  8    Spells: 5/5 levels left

rFire    . . .     SeeInvis .   a - +0 flail
rCold    . . .     Gourm    .   c - +0 shield
rNeg     . . .     Faith    .   b - +0 robe
rPois    .         Spirit   .   (helmet restricted)
rElec    .         Reflect  .   (no cloak)
rCorr    .         Harm     .   (gloves unavailable)
MR       .....                  (boots unavailable)
Stlth    +.........             (no amulet)
Regen    0.3/turn               (no ring)
MPRegen  0.1/turn               (no ring)

@: lethally poisoned (0 -> -1)
A: unfitting armour, tough skin 1
a: no special abilities


You were on level 4 of the Dungeon.
You were not hungry.

You visited 1 branch of the dungeon, and saw 4 of its levels.

You collected 160 gold pieces.

Inventory:

Hand Weapons
 a - a +0 flail (weapon)
Armour
 b - a +0 robe (worn)
 c - a +0 shield (worn)
Scrolls
 h - 3 scrolls of teleportation {unknown}
 i - 4 scrolls of immolation {unknown}
 j - 4 scrolls of identify {unknown}
 k - a scroll of enchant armour {unknown}
 m - 7 scrolls of remove curse {unknown}
 n - a scroll of amnesia {unknown}
Potions
 d - 3 potions of might
 e - a potion of brilliance {unknown}
 l - a potion of degeneration {unknown}
 o - 2 potions of agility {unknown}
 s - a potion of heal wounds
Books
 p - a book of Maledictions

   Spells                             Type                      Level
   a - Corona                         Hexes                        1
   b - Ensorcelled Hibernation        Hexes/Ice                    2
   c - Confuse                        Hexes                        3
   d - Tukima's Dance                 Hexes                        3
   e - Dazzling Spray                 Conjuration/Hexes            3
Comestibles
 f - 4 bread rations
 g - 8 fruits
 q - a royal jelly


   Skills:
 + Level 5.4 Fighting
 + Level 4.2 Maces & Flails
 + Level 3.8 Dodging
 + Level 0.4 Stealth
 + Level 3.6 Shields


You had 5 spell levels left.
You didn't know any spells.

Dungeon Overview and Level Annotations

Branches:
Dungeon (4/15)
 Temple: D:4-7

Altars:
Trog

Shops:
D:4 *


Innate Abilities, Weirdness & Mutations

You are too large for most types of armour.
You have tough skin. (AC +1)


Message History

The troll claws you! You block the troll's attack.
You are too injured to fight recklessly!
You are too injured to fight recklessly!
You are too injured to fight recklessly!
You are too injured to fight recklessly!
You are too injured to fight recklessly!
You are too injured to fight recklessly!
You are too injured to fight recklessly!
You are too injured to fight recklessly!
You are too injured to fight recklessly!
You are too injured to fight recklessly!
You are too injured to fight recklessly!
The worker ant barely misses you. You block the troll's attack.
The troll barely misses you. The troll claws you!
* * * LOW HITPOINT WARNING * * *
A quokka comes into view.
You feel sick.
You see here 2 scrolls labeled UTICAK GIYQOSO.
You feel sick. The worker ant bites you!
You die...

########.............
#........########.#.#
#.######## #...... #####
#.# #.#)#.# ....# #.# #
#.#.... ###.# ##.##
#...#.##... ##.##
##...## #........#.
##.[.##
##.....#######...#.##...
......# #......@........
#.##..# ##....#
#......#a#####. #.##.##
##.#.# #.#...##?# #.#
#.#.####.##.###T# #(#
#.#...##.##.....#####
#..
###......#.##...........
#..
.<...)...#.##...........
..
##.#.....#.##..#..####..
#.##..........#..# .


You could see a troll and a worker ant.

Vanquished Creatures
  Menkaure (D:4)
  A scorpion (D:4)
  A howler monkey (D:4)
  A hound (D:4)
  A howler monkey skeleton (D:4)
  4 adders
  An ooze (D:3)
  2 worms (D:3)
  2 dart slugs
  4 leopard geckos
  2 orcs (D:3)
  6 bats
  7 giant cockroaches
  6 hobgoblins
  A jackal (D:3)
  4 quokkas
  A ball python (D:2)
  5 frilled lizards
  10 goblins
  3 kobolds
  9 rats
72 creatures vanquished.

Notes
Turn   | Place    | Note
-------+----------+-------------------------------------------
     0 | D:1      | galech the Ogre Fighter began the quest for the Orb.
     0 | D:1      | Reached XP level 1. HP: 24/24 MP: 1/1
   348 | D:1      | Reached XP level 2. HP: 32/32 MP: 2/2
   978 | D:1      | Reached XP level 3. HP: 36/40 MP: 3/3
  1475 | D:2      | HP: 1/40 [goblin/dagger of electrocution (17)]
  1906 | D:2      | Reached XP level 4. HP: 33/49 MP: 4/4
  2757 | D:3      | Found a bloodstained altar of Trog.
  3260 | D:3      | Reached XP level 5. HP: 50/55 MP: 5/5
  3623 | D:4      | Noticed Menkaure
  3630 | D:4      | Killed Menkaure
  3630 | D:4      | Reached skill level 5 in Fighting
  3630 | D:4      | Reached XP level 6. HP: 34/66 MP: 6/6
  3796 | D:4      | Found Cedyischo's Assorted Antiques.
  4120 | D:4      | Noticed a troll
  4130 | D:4      | Slain by a worker ant

Skill      XL: |  1  2  3  4  5  6 |
---------------+-------------------+-----
Maces & Flails | 2 3 4 |  4.2
Dodging        | 3 |  3.8
Shields        | 3 |  3.6
Fighting       | 5 |  5.4
Stealth        | |  0.4

Action                   |  1- 3 |  4- 6 || total
-------------------------+-------+-------++-------
Melee: Flail             |   138 |   146 ||   284
  Use: Potion            |       |     3 ||     3
  Eat: Chunk             |     3 |     8 ||    11
Armor: Robe              |    57 |    37 ||    94
Dodge: Dodged            |    58 |    45 ||   103
Block: Shield            |    64 |    72 ||   136
